Map: Tempel der Vergangenheit

Players

andrey

  • Race: Protoss Protoss
  • Spawn Location: 0:00

SCIInewby

  • Race: Zerg Zerg
  • League: Master

VOD

Have the link to the VOD?

Description

Time

  • Played on: Feb. 6, 2026, 9:50 p.m.
  • Length: 10:41
Show
View Real Time Build Order
Export as new Build Order

andrey Protoss 

Build Orders:  

Get SALT Encoding   

  12  0:24  Pylon  
Show
View Real Time Build Order
Export as new Build Order

SCIInewby Zerg 

Build Orders:  

Get SALT Encoding   

  18  0:04  Primal Drone  
  19  0:18  Extractor  
  19  0:36  Primal Drone x3  
  22  0:44  Primal Drone  
  23  0:57  Extractor  
  23  1:03  Primal Drone  
  25  1:55  Primal Warden  
  25  1:57  Primal Drone x3  
  25  1:58  Primal Drone  
  29  2:13  Primal Drone  
  30  2:48  Primal Drone x2  
  32  2:52  Primal Carapace Level 1  
  32  2:56  Primal Zergling  
  33  3:01  Primal Drone  
  33  3:09  Primal Hive  
  39  3:23  Primal Drone  
  40  3:30  Primal Zergling  
  40  3:31  Primal Zergling  
  42  3:41  Primal Drone  
  42  3:46  Primal Zergling  
  44  3:54  Primal Drone  
  45  4:02  Primal Drone  
  45  4:05  Primal Zergling  
  45  4:06  Glevig's Den  
  43  4:30  Primal Drone  
  43  4:33  Primal Zergling x2  
  45  4:48  Primal Zergling  
  45  4:49  Primal Drone  
  47  4:50  Primal Drone x2  
  47  4:51  Primal Drone x2  
  51  5:08  Primal Hive  
  56  5:16  Primal Warden  
  58  5:21  Primal Drone x3  
  58  5:22  Primal Drone  
  58  5:23  Primal Warden  
  58  5:25  Primal Zergling x2  
  64  5:32  Primal Attacks Level 1  
  64  5:37  Muscular Augments  
  63  5:40  Primal Roach  
  63  5:56  Primal Drone  
  64  6:14  Primal Roach x2  
  68  6:20  Primal Drone x2  
  68  6:21  Primal Drone x3  
  73  6:35  Primal Hydralisk x3  
  73  6:36  Primal Hydralisk  
  73  6:37  Glial Reconstitution  
  81  6:40  Primal Hydralisk x2  
  81  6:42  Primal Drone  
  81  6:43  Primal Drone x3  
  88  6:52  Primal Drone  
  88  6:53  Primal Drone x2  
  88  6:56  Extractor  
  91  7:03  Primal Roach x3  
  81  7:21  Primal Drone  
  81  7:22  Primal Drone x5  
  83  7:30  Primal Hydralisk x2  
  83  7:31  Primal Hydralisk x4  
  95  7:52  Primal Drone  
  95  7:53  Primal Drone x5  
  97  8:00  Primal Roach  
  97  8:01  Primal Roach x5  
  109  8:28  Primal Drone  
  109  8:29  Primal Drone x5  
  97  9:03  Primal Roach  
  97  9:04  Primal Roach x7  
  113  9:42  Primal Roach x5  
  113  9:49  Primal Drone  
  124  9:50  Primal Drone x13  
  124  9:51  Primal Drone  
  124  9:59  Extractor  
  138  10:16  Primal Drone x3  
  139  10:26  Primal Drone x2  
  139  10:27  Primal Drone  
Tags
 
Add a new tag
Caveats
  • Supply blocks, unpowered buildings, or Contaminate may cause inaccurate times.
  • Supply counts are checked every 10 seconds.